TOP OF THE 1ST |
New Orleans Voodoo batting - Pitching for Charleston Battery : RHP Kyuichi Hori
|
Pitching: RHP Kyuichi Hori
|
|
Batting: RHB Colm Goodwill
|
0-0: Fly out, F7 (Flyball, 8LM, EV 93.1 MPH)
|
Batting: LHB Weston Doyle
|
0-0: SINGLE (Groundball, 4MD, EV 99.4 MPH)
|
Batting: RHB Tae-cho Han
|
Pickoff Throw to First - Error! E1 Weston Doyle to second 0-0: Called Strike 0-1: Ball 1-1: DOUBLE (Line Drive, 5D, EV 93.8 MPH) Weston Doyle scores
|
Batting: LHB Jorge Alejándrez
|
0-0: Called Strike 0-1: Foul Ball, location: 2F 0-2: Ball 1-2: Fly out, F8 (Flyball, 89M, EV 83.8 MPH)
|
Batting: LHB Alexis Raimbault
|
0-0: Called Strike 0-1: Foul Ball, location: 2F 0-2: Ball 1-2: Foul Ball, location: 2F 1-2: Strikes out swinging
|
Top of the 1st over - 1 run, 2 hits, 1 error, 1 left on base; New Orleans 1 - Charleston 0 |
BOTTOM OF THE 1ST |
Charleston Battery batting - Pitching for New Orleans Voodoo : RHP José Pacheco
|
Pitching: RHP José Pacheco
|
|
Batting: RHB Mike Case
|
0-0: Called Strike 0-1: Bunted foul 0-2: Ball 1-2: Foul Ball, location: 2F 1-2: Ball 2-2: Foul Ball, location: 2F 2-2: Ground out 1-3 (Groundball, 13S, EV 63.8 MPH)
|
Batting: LHB Datu Lesaca
|
0-0: Called Strike 0-1: Ball 1-1: Ball 2-1: Foul Ball, location: 2F 2-2: Strikes out swinging
|
Batting: LHB Spencer Powell
|
0-0: Called Strike 0-1: Ball 1-1: Ball 2-1: Foul Ball, location: 2F 2-2: Strikes out swinging
|
Bottom of the 1st over - 0 runs, 0 hits, 0 errors, 0 left on base; New Orleans 1 - Charleston 0 |
TOP OF THE 2ND |
New Orleans Voodoo batting - Pitching for Charleston Battery : RHP Kyuichi Hori
|
Batting: LHB Baio Jianbua
|
0-0: Ball 1-0: Ball 2-0: Foul Ball, location: 2F 2-1: Ball 3-1: Called Strike 3-2: Base on Balls
|
Batting: RHB John Clark
|
0-0: Swinging Strike 0-1: Foul Ball, location: 2F 0-2: Ball 1-2: Strikes out swinging
|
Batting: RHB Gilberto Juárez
|
0-0: Called Strike 0-1: Ball 1-1: Ball 2-1: Foul Ball, location: 2F 2-2: Ball 3-2: Base on Balls Baio Jianbua to second
|
Batting: RHB Guy Toussaint
|
0-0: Swinging Strike 0-1: Swinging Strike 0-2: Ball 1-2: Fielders Choice at 2nd, 3-6 (Groundball, 34S, EV 78.8 MPH) Baio Jianbua to third
|
Batting: RHB Colm Goodwill
|
0-0: Called Strike 0-1: Foul Ball, location: 2F 0-2: Ball 1-2: Strikes out swinging
|
Top of the 2nd over - 0 runs, 0 hits, 0 errors, 2 left on base; New Orleans 1 - Charleston 0 |
BOTTOM OF THE 2ND |
Charleston Battery batting - Pitching for New Orleans Voodoo : RHP José Pacheco
|
Batting: SHB Jasper Morrison
|
0-0: Called Strike 0-1: Ball 1-1: Swinging Strike 1-2: Ball 2-2: Foul Ball, location: 2F 2-2: Fly out, F8 (Flyball, 8RM, EV 97.5 MPH)
|
Batting: RHB Paco Muńóz
|
0-0: Foul Ball, location: 2F 0-1: Foul Ball, location: 2F 0-2: Ball 1-2: Foul Ball, location: 2F 1-2: Ball 2-2: Ball 3-2: Fly out, F6 (Popup, 6MS, EV 85.0 MPH)
|
Batting: RHB Júlio Salazar
|
0-0: Ball 1-0: Foul Ball, location: 2F 1-1: Ball 2-1: Ball 3-1: Fly out, F8 (Flyball, 8RM, EV 89.4 MPH)
|
Bottom of the 2nd over - 0 runs, 0 hits, 0 errors, 0 left on base; New Orleans 1 - Charleston 0 |
TOP OF THE 3RD |
New Orleans Voodoo batting - Pitching for Charleston Battery : RHP Kyuichi Hori
|
Batting: LHB Weston Doyle
|
0-0: Foul Ball, location: 2F 0-1: Ball 1-1: Ground out U3 (Groundball, 3S, EV 72.5 MPH)
|
Batting: RHB Tae-cho Han
|
0-0: SINGLE (Groundball, 56D, EV 105.0 MPH)
|
Batting: LHB Jorge Alejándrez
|
0-0: Ball 1-0: Ball 2-0: Fly out, F8 (Flyball, 8RS, EV 86.2 MPH)
|
Batting: LHB Alexis Raimbault
|
0-0: Ball 1-0: Foul Ball, location: 2F 1-1: Called Strike 1-2: Foul Ball, location: 2F 1-2: Ball 2-2: Ground out 4-3 (Groundball, 4S, EV 78.8 MPH)
|
Top of the 3rd over - 0 runs, 1 hit, 0 errors, 1 left on base; New Orleans 1 - Charleston 0 |
BOTTOM OF THE 3RD |
Charleston Battery batting - Pitching for New Orleans Voodoo : RHP José Pacheco
|
Batting: RHB Moriz Ayushiev
|
0-0: Ball 1-0: Foul Ball, location: 2F 1-1: Called Strike 1-2: Fly out, F8 (Flyball, 8RXD, EV 93.1 MPH)
|
Batting: RHB Mikko Haataja
|
0-0: Swinging Strike 0-1: Foul Ball, location: 2F 0-2: Ball 1-2: SINGLE (Groundball, 4MD, EV 95.0 MPH)
|
Batting: RHB Torajiro Ogawa
|
0-0: Called Strike 0-1: Foul Ball, location: 2F 0-2: Ball 1-2: Foul Ball, location: 2F 1-2: Foul Ball, location: 2F 1-2: Ground out 4-3 (Groundball, 4, EV 80.6 MPH) Mikko Haataja to second
|
Batting: RHB Mike Case
|
0-0: Ball 1-0: Called Strike 1-1: Ground out 6-3 (Groundball, 56, EV 100.0 MPH)
|
Bottom of the 3rd over - 0 runs, 1 hit, 0 errors, 1 left on base; New Orleans 1 - Charleston 0 |
TOP OF THE 4TH |
New Orleans Voodoo batting - Pitching for Charleston Battery : RHP Kyuichi Hori
|
Batting: LHB Baio Jianbua
|
0-0: Called Strike 0-1: Ball 1-1: Swinging Strike 1-2: Ball 2-2: Strikes out swinging
|
Batting: RHB John Clark
|
0-0: Ball 1-0: Ball 2-0: Ball 3-0: Called Strike 3-1: Base on Balls
|
Batting: RHB Gilberto Juárez
|
0-0: Ball John Clark is caught stealing 2nd base 2-4 1-0: Ball 2-0: Foul Ball, location: 2F 2-1: Ball 3-1: Base on Balls
|
Batting: RHB Guy Toussaint
|
0-0: Ball Gilberto Juárez steals 2nd, throwing error, E2 Gilberto Juárez to third 1-0: Called Strike 1-1: Foul Ball, location: 2F 1-2: Strikes out swinging
|
Top of the 4th over - 0 runs, 0 hits, 1 error, 1 left on base; New Orleans 1 - Charleston 0 |
BOTTOM OF THE 4TH |
Charleston Battery batting - Pitching for New Orleans Voodoo : RHP José Pacheco
|
Batting: LHB Datu Lesaca
|
0-0: Swinging Strike 0-1: Foul Ball, location: 2F 0-2: Ball 1-2: Foul Ball, location: 2F 1-2: Ground out 3-1 (Groundball, 34, EV 101.2 MPH)
|
Batting: LHB Spencer Powell
|
0-0: Fly out, F6 (Popup, 6, EV 80.0 MPH)
|
Batting: SHB Jasper Morrison
|
0-0: Ball 1-0: Ball 2-0: Ball 3-0: Called Strike 3-1: Foul Ball, location: 2F 3-2: Base on Balls
|
Batting: RHB Paco Muńóz
|
0-0: Ball 1-0: Called Strike 1-1: Ball 2-1: Foul Ball, location: 2F 2-2: Foul Ball, location: 2F 2-2: Ball 3-2: Foul Ball, location: 2F 3-2: Ground out 4-3 (Groundball, 4, EV 90.0 MPH)
|
Bottom of the 4th over - 0 runs, 0 hits, 0 errors, 1 left on base; New Orleans 1 - Charleston 0 |
TOP OF THE 5TH |
New Orleans Voodoo batting - Pitching for Charleston Battery : RHP Kyuichi Hori
|
Batting: RHB Colm Goodwill
|
0-0: Fly out, F9 (Line Drive, 9, EV 93.1 MPH)
|
Batting: LHB Weston Doyle
|
0-0: Ball 1-0: Foul Ball, location: 2F 1-1: Ball 2-1: SINGLE (Line Drive, 78S, EV 102.5 MPH)
|
Batting: RHB Tae-cho Han
|
0-0: Foul Ball, location: 2F 0-1: Foul Ball, location: 2F 0-2: Ball 1-2: Ball 2-2: Foul Ball, location: 2F 2-2: DOUBLE (Flyball, 89XD, EV 110.0 MPH) Weston Doyle to third
|
Batting: LHB Jorge Alejándrez
|
0-0: Swinging Strike 0-1: Fly out, F8 (Flyball, 8RM, EV 81.2 MPH) Runner from 3rd tags up, SCORES, throw by CF
|
Batting: LHB Alexis Raimbault
|
0-0: Ball 1-0: Swinging Strike 1-1: Fly out, F7 (Flyball, 7S, EV 83.1 MPH)
|
Top of the 5th over - 1 run, 2 hits, 0 errors, 1 left on base; New Orleans 2 - Charleston 0 |
BOTTOM OF THE 5TH |
Charleston Battery batting - Pitching for New Orleans Voodoo : RHP José Pacheco
|
Batting: RHB Júlio Salazar
|
0-0: Foul Ball, location: 2F 0-1: Swinging Strike 0-2: Ball 1-2: Ball 2-2: Foul Ball, location: 2F 2-2: Foul Ball, location: 2F 2-2: Ball 3-2: Foul Ball, location: 2F 3-2: Strikes out looking
|
Batting: RHB Moriz Ayushiev
|
0-0: Ground out 5-3 (Groundball, 56, EV 81.2 MPH)
|
Batting: RHB Mikko Haataja
|
0-0: Called Strike 0-1: Ball 1-1: Called Strike 1-2: Foul Ball, location: 2F 1-2: Foul Ball, location: 2F 1-2: Ball 2-2: SINGLE (Groundball, 56, EV 100.0 MPH) (infield hit)
|
Batting: RHB Torajiro Ogawa
|
0-0: Called Strike 0-1: Ball 1-1: SINGLE (Groundball, 6MD, EV 96.9 MPH) Mikko Haataja to second Runner from 2nd tries for 3rd, SAFE, no throw by CF
|
Batting: RHB Mike Case
|
0-0: Fielders Choice at 2nd, 6-4 (Groundball, 6, EV 85.0 MPH)
|
Bottom of the 5th over - 0 runs, 2 hits, 0 errors, 2 left on base; New Orleans 2 - Charleston 0 |
TOP OF THE 6TH |
New Orleans Voodoo batting - Pitching for Charleston Battery : RHP Kyuichi Hori
|
Batting: LHB Baio Jianbua
|
0-0: SINGLE (Line Drive, 7LS, EV 108.8 MPH)
|
Batting: RHB John Clark
|
0-0: Ball 1-0: Ball 2-0: DOUBLE (Line Drive, 3D, EV 97.5 MPH) Baio Jianbua to third
|
Batting: RHB Gilberto Juárez
|
0-0: Intentional Walk
|
Batting: RHB Guy Toussaint
|
0-0: Ball 1-0: Ball 2-0: Swinging Strike 2-1: Ball 3-1: Foul Ball, location: 2F 3-2: Foul Ball, location: 2F 3-2: Foul Ball, location: 2F 3-2: Foul Ball, location: 2F 3-2: Strikes out swinging
|
Pitching: LHP Pedro Ortíz
|
|
Batting: RHB Colm Goodwill
|
0-0: Ball 1-0: Ball 2-0: Foul Ball, location: 2F 2-1: Called Strike 2-2: Ball 3-2: GRAND SLAM HOME RUN (Flyball, 78XD, EV 101.2 MPH), Distance : 403 ft
|
Batting: LHB Weston Doyle
|
0-0: Ball 1-0: SOLO HOME RUN (Flyball, 89XD, EV 98.8 MPH), Distance : 413 ft
|
Batting: RHB Tae-cho Han
|
0-0: Called Strike 0-1: Foul Ball, location: 2F 0-2: Ball 1-2: SINGLE (Line Drive, 6MD, EV 96.9 MPH)
|
Batting: LHB Jorge Alejándrez
|
0-0: Ball 1-0: Ball 2-0: Ball 3-0: Called Strike 3-1: Foul Ball, location: 2F 3-2: Base on Balls Tae-cho Han to second
|
Batting: LHB Alexis Raimbault
|
0-0: Swinging Strike 0-1: Foul Ball, location: 2F 0-2: Ball 1-2: Ball 2-2: Foul Ball, location: 2F 2-2: SINGLE (Line Drive, 78S, EV 98.8 MPH) Tae-cho Han to third Jorge Alejándrez to second Runner from 3rd tries for Home, SAFE, throw by LF to home
|
Batting: LHB Baio Jianbua
|
0-0: Foul Ball, location: 2F 0-1: Ball 1-1: Fly out, F5 (Popup, 5S, EV 88.8 MPH)
|
Batting: RHB John Clark
|
0-0: Called Strike 0-1: Ball 1-1: Foul Ball, location: 2F 1-2: Foul Ball, location: 2F 1-2: Ball 2-2: Ball 3-2: Base on Balls Jorge Alejándrez to third Alexis Raimbault to second
|
Batting: RHB Gilberto Juárez
|
0-0: Called Strike 0-1: Ball 1-1: SINGLE (Groundball, 6D, EV 98.8 MPH) Jorge Alejándrez scores Alexis Raimbault to third John Clark to second Runner from 3rd tries for Home, throw by CF and OUT! 8-2
|
Top of the 6th over - 7 runs, 7 hits, 0 errors, 2 left on base; New Orleans 9 - Charleston 0 |
BOTTOM OF THE 6TH |
Charleston Battery batting - Pitching for New Orleans Voodoo : RHP José Pacheco
|
Batting: LHB Datu Lesaca
|
0-0: Ball 1-0: Ball 2-0: Called Strike 2-1: Foul Ball, location: 2F 2-2: Ball 3-2: Base on Balls
|
Batting: LHB Spencer Powell
|
0-0: Ball 1-0: 2-RUN HOME RUN (Flyball, 89XD, EV 98.8 MPH), Distance : 396 ft
|
Pitching: RHP Gilberto Medina
|
|
Batting: SHB Jasper Morrison
|
0-0: Foul Ball, location: 2F 0-1: Swinging Strike 0-2: Foul Ball, location: 2F 0-2: Strikes out swinging
|
Batting: RHB Paco Muńóz
|
0-0: Ball 1-0: Called Strike 1-1: Ball 2-1: Foul Ball, location: 2F 2-2: Strikes out swinging
|
Batting: RHB Júlio Salazar
|
0-0: Ball 1-0: Fly out, F8 (Flyball, 8LXD, EV 100.6 MPH)
|
Bottom of the 6th over - 2 runs, 1 hit, 0 errors, 0 left on base; New Orleans 9 - Charleston 2 |
TOP OF THE 7TH |
New Orleans Voodoo batting - Pitching for Charleston Battery : LHP Pedro Ortíz
|
Pitching: RHP Jerry Kumpf
|
|
Batting: RHB Guy Toussaint
|
0-0: Ball 1-0: Foul Ball, location: 2F 1-1: Ground out 2-3 (Groundball, 2R, EV 63.1 MPH)
|
Batting: RHB Colm Goodwill
|
0-0: Foul Ball, location: 2F 0-1: Ball 1-1: Fly out, F7 (Flyball, 78D, EV 103.8 MPH)
|
Batting: LHB Weston Doyle
|
0-0: Ball 1-0: Ball 2-0: Foul Ball, location: 2F 2-1: Called Strike 2-2: Strikes out looking
|
Top of the 7th over - 0 runs, 0 hits, 0 errors, 0 left on base; New Orleans 9 - Charleston 2 |
BOTTOM OF THE 7TH |
Charleston Battery batting - Pitching for New Orleans Voodoo : RHP Gilberto Medina
|
Batting: RHB Moriz Ayushiev
|
0-0: Called Strike 0-1: Ground out 4-3 (Groundball, 4S, EV 82.5 MPH)
|
Pinch Hitting: RHB Chris Gordon
|
0-0: Called Strike 0-1: Swinging Strike 0-2: Foul Ball, location: 2F 0-2: Strikes out swinging
|
Batting: RHB Torajiro Ogawa
|
0-0: Foul Ball, location: 2F 0-1: Swinging Strike 0-2: Strikes out swinging
|
Bottom of the 7th over - 0 runs, 0 hits, 0 errors, 0 left on base; New Orleans 9 - Charleston 2 |
TOP OF THE 8TH |
New Orleans Voodoo batting - Pitching for Charleston Battery : RHP Jerry Kumpf
|
Now at SS: Chris Gordon
|
|
Batting: RHB Tae-cho Han
|
0-0: Ball 1-0: Called Strike 1-1: Ball 2-1: Fly out, F9 (Flyball, 9LSF, EV 89.4 MPH)
|
Batting: LHB Jorge Alejándrez
|
0-0: Ball 1-0: SINGLE (Groundball, 6MD, EV 95.6 MPH)
|
Batting: LHB Alexis Raimbault
|
0-0: Ball Jorge Alejándrez steals 2nd base 1-0: Fly out, F7 (Flyball, 7, EV 93.1 MPH)
|
Batting: LHB Baio Jianbua
|
0-0: Ball 1-0: Ball 2-0: Called Strike 2-1: Foul Ball, location: 2F 2-2: Ball 3-2: Foul Ball, location: 2F 3-2: Foul Ball, location: 2F 3-2: Foul Ball, location: 2F 3-2: Foul Ball, location: 2F 3-2: Base on Balls
|
Batting: RHB John Clark
|
0-0: Ball 1-0: Called Strike 1-1: Ball 2-1: Foul Ball, location: 2F 2-2: 3-RUN HOME RUN (Line Drive, 78XD, EV 101.2 MPH), Distance : 414 ft
|
Batting: RHB Gilberto Juárez
|
0-0: Ball 1-0: Swinging Strike 1-1: Ball 2-1: Fly out, F9 (Flyball, 9, EV 81.2 MPH)
|
Top of the 8th over - 3 runs, 2 hits, 0 errors, 0 left on base; New Orleans 12 - Charleston 2 |
BOTTOM OF THE 8TH |
Charleston Battery batting - Pitching for New Orleans Voodoo : RHP Gilberto Medina
|
Batting: RHB Mike Case
|
0-0: Ground out 4-3 (Groundball, 4, EV 80.0 MPH)
|
Batting: LHB Datu Lesaca
|
0-0: Called Strike 0-1: Ball 1-1: Ground out 6-3 (Groundball, 56, EV 92.5 MPH)
|
Batting: LHB Spencer Powell
|
0-0: Ball 1-0: Ball 2-0: Ball 3-0: Called Strike 3-1: Base on Balls
|
Batting: SHB Jasper Morrison
|
0-0: Ball 1-0: SINGLE (Line Drive, 8LS, EV 90.0 MPH) Spencer Powell to second
|
Batting: RHB Paco Muńóz
|
0-0: Ball 1-0: Ball 2-0: Ball 3-0: Base on Balls Spencer Powell to third Jasper Morrison to second
|
Batting: RHB Júlio Salazar
|
0-0: Called Strike 0-1: Ball 1-1: Ball 2-1: Swinging Strike 2-2: Foul Ball, location: 2F 2-2: Strikes out swinging
|
Bottom of the 8th over - 0 runs, 1 hit, 0 errors, 3 left on base; New Orleans 12 - Charleston 2 |
TOP OF THE 9TH |
New Orleans Voodoo batting - Pitching for Charleston Battery : RHP Jerry Kumpf
|
Batting: RHB Guy Toussaint
|
0-0: Called Strike 0-1: Ball 1-1: Foul Ball, location: 2F 1-2: Ball 2-2: Strikes out swinging
|
Batting: RHB Colm Goodwill
|
0-0: Called Strike 0-1: Swinging Strike 0-2: Ball 1-2: Ball 2-2: Ball 3-2: Foul Ball, location: 2F 3-2: Foul Ball, location: 2F 3-2: Fly out, F8 (Flyball, 8RM, EV 97.5 MPH)
|
Batting: LHB Weston Doyle
|
0-0: Called Strike 0-1: Fly out, F8 (Flyball, 8LD, EV 92.5 MPH)
|
Top of the 9th over - 0 runs, 0 hits, 0 errors, 0 left on base; New Orleans 12 - Charleston 2 |
BOTTOM OF THE 9TH |
Charleston Battery batting - Pitching for New Orleans Voodoo : RHP Gilberto Medina
|
Batting: RHB Moriz Ayushiev
|
0-0: Called Strike 0-1: Foul Ball, location: 2F 0-2: Ball 1-2: Ball 2-2: Fly out, F8 (Flyball, 8RS, EV 73.8 MPH)
|
Batting: RHB Chris Gordon
|
0-0: Ball 1-0: Swinging Strike 1-1: Swinging Strike 1-2: Ground out 6-3 (Groundball, 6, EV 103.1 MPH)
|
Batting: RHB Torajiro Ogawa
|
0-0: Swinging Strike 0-1: Foul Ball, location: 2F 0-2: DOUBLE (Line Drive, 7LD, EV 108.1 MPH)
|
Batting: RHB Mike Case
|
0-0: Called Strike 0-1: Ball 1-1: Ball 2-1: Foul Ball, location: 2F 2-2: Strikes out swinging
|
Bottom of the 9th over - 0 runs, 1 hit, 0 errors, 1 left on base; New Orleans 12 - Charleston 2 |
|